 Dungeon Crawl Stone Soup version 0.17.0-24-gcfadda4 (webtiles) character file.

171525 Botennoom the Devastator (level 17, -23/100 HPs)
             Began as a Deep Elf Enchanter on Nov 16, 2015.
             Was the Champion of Sif Muna.
             Annihilated by a vault warden (41 damage)
             ... on level 1 of the Vaults on Nov 17, 2015.
             The game lasted 02:58:54 (40980 turns).

Botennoom the Devastator (Deep Elf Enchanter)      Turns: 40980, Time: 02:58:54

Health: -23/100    AC: 14    Str:  5    XL:     17   Next: 14%
Magic:  5/37       EV: 27    Int: 33    God:    Sif Muna [******]
Gold:   2090       SH:  6    Dex: 20    Spells: 9 memorised, 4 levels left

rFire  . . .     SeeInvis +     e - +8 quick blade (flame)
rCold  + . .     Clarity  +     W - +2 robe {Archmagi}
rNeg   + . .     SustAt   .     V - +0 buckler {AC+3}
rPois  .         Gourm    .     a - +0 helmet "Verhesk" {rN+ Regen+}
rElec  .         Spirit   .     w - +2 cloak
rCorr  .         Warding  .     x - +2 pair of gloves {archery}
rMut   .         Stasis   .     (no boots)
MR     ++++.                    h - amulet of clarity
Stlth  +++++.....               P - ring of Demin {*Confuse +Fly rC+ MR+}
                                z - ring "Noess" {MR++ Int+7 Dex+3 SInv}

@: incredibly resistant to hostile enchantments, quite stealthy
A: no striking features
a: Channel Energy, Forget Spell, Renounce Religion, Evoke Flight
}: 1/15 runes: decaying


You were on level 1 of the Vaults.
You worshipped Sif Muna.
Sif Muna was exalted by your worship.
You were near starving.

You visited 6 branches of the dungeon, and saw 32 of its levels.
You also visited: Labyrinth.

You collected 4102 gold pieces.
You spent 2012 gold pieces at shops.

Inventory:

Hand Weapons
 e - a +8 quick blade of flaming (weapon)
Missiles
 U - 5 throwing nets (quivered)
Armour
 a - the +0 helmet "Verhesk" (worn) {rN+ Regen+}
   (You found it on level 7 of the Dungeon)

   It protects you from negative energy.
   It increases your rate of regeneration.
 w - a +2 cloak (worn)
 x - a +2 pair of gloves of archery (worn)
 V - a +0 buckler of protection (worn)
 W - a +2 robe of the Archmagi (worn)
Magical Staves
 p - an uncursed staff of energy
Jewellery
 h - an amulet of clarity (around neck)
 z - the ring "Noess" (left hand) {MR++ Int+7 Dex+3 SInv}
   (You bought it in a shop on level 6 of the Dungeon)

   [ring of see invisible]

   It affects your intelligence (+7).
   It affects your dexterity (+3).
   It affects your resistance to hostile enchantments.
   It lets you see invisible.
 B - an uncursed amulet of warding
 K - the ring "Noczyanu" {MR+ Int+2}
   (You found it on level 6 of the Dungeon)

   [ring of protection from magic]

   It affects your intelligence (+2).
   It affects your resistance to hostile enchantments.
 P - the ring of Demin (right hand) {*Confuse +Fly rC+ MR+}
   (You found it on level 8 of the Lair of Beasts)

   [ring of protection from magic]

   It protects you from cold.
   It affects your resistance to hostile enchantments.
   It lets you fly.
   It may confuse you when you take damage.
 R - an uncursed ring of protection from fire
 Z - an uncursed ring of positive energy
Wands
 i - a wand of teleportation (4)
 v - a wand of invisibility (7)
 E - a wand of digging (15)
 N - a wand of fire (3)
 Q - a wand of lightning (6)
Scrolls
 b - 7 scrolls of remove curse
 g - 5 scrolls of fear
 l - 3 scrolls of enchant weapon
 n - 12 scrolls of recharging
 r - 4 scrolls of enchant armour
 s - 11 scrolls of identify
 t - a scroll of fog
 u - 4 scrolls of teleportation
 Y - 4 scrolls of magic mapping
Potions
 f - a potion of heal wounds
 j - 4 potions of cancellation
 k - 10 potions of curing
 o - 6 potions of brilliance
 A - 4 potions of might
 H - 8 potions of agility
 J - 2 potions of haste
Books
 c - a book of Clouds

   Spells                             Type                      Level
   a - Mephitic Cloud                 Conjuration/Poison/Air       3
   b - Conjure Flame                  Conjuration/Fire             3
   c - Poisonous Cloud                Conjuration/Poison/Air       6
   d - Freezing Cloud                 Conjuration/Ice/Air          6
   e - Ring of Flames                 Charms/Fire                  7
 q - a book of Ice

   Spells                             Type                      Level
   a - Ice Form                       Ice/Transmutation            4
   b - Metabolic Englaciation         Hexes/Ice                    5
   c - Ozocubu's Refrigeration        Ice                          6
   d - Bolt of Cold                   Conjuration/Ice              6
   e - Freezing Cloud                 Conjuration/Ice/Air          6
   f - Simulacrum                     Ice/Necromancy               6
 C - Fiph's Guide on Confrontation and Fire
   (Sif Muna gifted it to you on level 1 of the Vaults)

   Spells                             Type                      Level
   a - Magic Dart                     Conjuration                  1
   b - Stone Arrow                    Conjuration/Earth            3
   c - Conjure Flame                  Conjuration/Fire             3
   d - Sticky Flame                   Conjuration/Fire             4
   e - Freezing Cloud                 Conjuration/Ice/Air          6
 I - a book of Power

   Spells                             Type                      Level
   a - Fulminant Prism                Conjuration/Hexes            4
   b - Iskenderun's Mystic Blast      Conjuration                  4
   c - Venom Bolt                     Conjuration/Poison           5
   d - Bolt of Magma                  Conjuration/Fire/Earth       5
   e - Iron Shot                      Conjuration/Earth            6
   f - Orb of Destruction             Conjuration                  7
   g - Spellforged Servitor           Conjuration/Summoning        7
 L - a book of Necromancy

   Spells                             Type                      Level
   a - Pain                           Necromancy                   1
   b - Animate Skeleton               Necromancy                   1
   c - Vampiric Draining              Necromancy                   3
   d - Regeneration                   Charms/Necromancy            3
   e - Animate Dead                   Necromancy                   4
   f - Control Undead                 Necromancy                   4
 O - a book of Dreams

   Spells                             Type                      Level
   a - Ensorcelled Hibernation        Hexes/Ice                    2
   b - Phase Shift                    Translocation                5
   c - Shadow Creatures               Summoning                    5
   d - Silence                        Hexes/Air                    5
   e - Darkness                       Hexes                        6
   f - Mass Confusion                 Hexes                        6
 S - a book of Annihilations

   Spells                             Type                      Level
   a - Poison Arrow                   Conjuration/Poison           6
   b - Chain Lightning                Conjuration/Air              8
   c - Lehudib's Crystal Spear        Conjuration/Earth            8
   d - Glaciate                       Conjuration/Ice              9
   e - Fire Storm                     Conjuration/Fire             9
Miscellaneous
 X - a fan of gales
Comestibles
 d - 11 bread rations
 m - 34 royal jellies
 F - a beef jerky
 G - 13 meat rations
 M - 37 fruits
 T - 7 slices of pizza


   Skills:
 + Level 9.5 Fighting
 - Level 12.0 Short Blades
 - Level 1.2 Armour
 - Level 15.7 Dodging
 - Level 11.1 Stealth
 - Level 6.2 Shields
 + Level 14.4 Spellcasting
 - Level 16.0 Conjurations
 - Level 12.4 Hexes


You had 4 spell levels left.
You knew the following spells:

 Your Spells              Type           Power        Failure   Level  Hunger
a - Bolt of Cold          Conj/Ice       #######...   12%         6    ###....
b - Ensorcelled Hibernat  Hex/Ice        ######       1%          2    None
c - Confuse               Hex            ########     1%          3    None
d - Dazzling Spray        Conj/Hex       ########     0%          3    None
e - Tukima's Dance        Hex            ########     1%          3    None
f - Cause Fear            Hex            ########..   1%          4    None
g - Orb of Destruction    Conj           ########..   1%          7    #####..
h - Invisibility          Hex            ########     1%          6    ###....
i - Darkness              Hex            ########..   1%          6    ###....


Dungeon Overview and Level Annotations

Branches:
Dungeon (14/15)            Temple (1/1) D:7            Lair (8/8) D:9
  Swamp (4/4) Lair:4        Snake (0/4) Lair:6        Slime (0/6) Lair:6
    Orc (4/4) D:12            Elf (0/3) Orc:3        Vaults (1/5) D:13

Altars:
Ashenzari
Cheibriados
Dithmenos
Elyvilon
Fedhas
Gozag
Kikubaaqudgha
Makhleb
Nemelex Xobeh
Okawaru
Qazlal
Ru
Sif Muna
Trog
Vehumet
Xom
Yredelemnul
Zin
The Shining One
Beogh
Jiyva

Shops:
D:5 [   D:6 =   D:10 %   Orc:1 =   Orc:4 [[*(:

Portals:
Trove: D:11 (give 19 potions of curing)

Annotations:
D:3 Ohli's ghost, amateur DsFi
D:4 P0WERM0DE's ghost, amateur HuWr
D:9 Mercurio's ghost, novice DrWr
D:10 Mercurio's ghost, novice DrWr
Lair:1 exclusion: oklob plant
Lair:4 exclusions: hydra, komodo dragon and spiny frog


Message History

Unknown command.
Casting: Confuse
Confirm with . or Enter, or press ? or * to list all spells.
Aiming: Confuse
Press: ? - help, Shift-Dir - straight line, f - vault warden
Aim: a vault warden, wearing a chain mail (moderately wounded, unusually strong, chance to defeat MR: 59%)
You feel a surge of power!
The vault warden resists with significant effort.
The vault warden closely misses you.
Unknown command.
Casting: Confuse
Confirm with . or Enter, or press ? or * to list all spells.
Aiming: Confuse
Press: ? - help, Shift-Dir - straight line, f/p - vault warden
Aim: a vault warden, wearing a chain mail (moderately wounded, unusually strong, chance to defeat MR: 59%)
You feel a surge of power!
The vault warden appears confused.
Your battleaxe hits the vault warden!
Your battleaxe hits the ironbrand convoker!
The vault warden hits you!!!
You die...

..# ..# ..# ..# )[# [∩#
### ## ..# ##.##
..##############@†.#...
..'....#..#....+p(.+...
..'....)..+...(#p..#...
..#....#..#....##.##
###...##..##...# ##
##'##....##+##
#..).......$.#
#..........>.#
##'##....##+##


You could see a vault warden (confused), an ironbrand convoker (confused) and a
friendly battleaxe.

Vanquished Creatures
  The ghost of Mandevil the Stormcaller, an adept TeAE of Vehumet (Vaults:1)
  Kirke (Swamp:1)
  2 thorn hunters (Swamp:4)
  2 orc warlords (Orc:4)
  2 deep elf sorcerers
  3 ironheart preservers (Vaults:1)
  A stone giant (Orc:4)
  Nessos (Lair:8)
  Azrael (Orc:4)
  A fire dragon (Lair:8)
  Josephine (Lair:8)
  A minotaur (Lab)
  Fannar (Lair:2)
  20 hydras
  An ice dragon (Lair:8)
  2 ghost crabs
  An ogre mage (Vaults:1)
  7 alligators
  A catoblepas (Lair:5)
  7 death yaks
  An orc high priest (Orc:4)
  2 deep elf knights (Vaults:1)
  A death drake (Swamp:3)
  2 spriggan druids (Swamp:4)
  8 swamp dragons
  A lindwurm (Lair:8)
  An ironbrand convoker (Vaults:1)
  5 shambling mangroves
  A necromancer (Swamp:3)
  4 hill giants
  2 spectral hydras (Swamp:3)
  4 griffons
  3 harpies (D:13)
  6 orc sorcerers
  2 cyclopes
  A manticore (D:12)
  2 vault sentinels (Vaults:1)
  7 orc knights
  7 elephants
  5 black mambas
  A hornet (Swamp:4)
  A centaur zombie (D:10)
  Maurice (D:12)
  Psyche (D:12)
  A naga mage (Lair:6)
  7 torpor snails
  3 kobold demonologists (D:12)
  4 komodo dragons
  15 spiny frogs
  A queen bee (Lair:2)
  A guardian mummy (D:11)
  3 swamp worm zombies (Swamp:3)
  4 giant leeches
  5 trolls
  5 fire drakes
  8 polar bears (Lair:8)
  A raiju (Lair:8)
  22 slime creatures
  2 boulder beetles
  2 freezing wraiths
  18 bog bodies
  4 two-headed ogres
  4 alligator zombies (Swamp:3)
  4 spectral swamp dragons (Swamp:3)
  16 blink frogs
  3 spriggans (Swamp:4)
  5 shadows (Swamp:3)
  4 wraiths (Lair:8)
  A deep elf mage (D:11)
  5 fire elementals
  A human (D:4)
  2 hogs
  55 yaks
  4 deep elf fighters
  4 basilisks
  A wyvern (D:11)
  A hungry ghost (D:13)
  3 giant leech zombies (Swamp:3)
  22 vampire mosquitoes
  8 hippogriffs
  13 wargs
  A mottled dragon (D:13)
  6 hell hounds
  8 insubstantial wisps
  A spiny frog zombie (Swamp:3)
  A soldier ant (D:8)
  39 wolves
  16 water moccasins
  9 porcupines
  16 swamp drakes
  A spider (D:8)
  16 black bears
  3 phantoms
  2 ice beasts
  20 swamp worms
  26 orc warriors
  A spider (shapeshifter) (Vaults:1)
  2 sky beasts (D:11)
  9 ogres
  A necrophage (D:10)
  18 crocodiles
  12 centaurs
  13 wasps
  3 brain worms (Lair:8)
  3 big kobolds
  A gnoll sergeant (D:8)
  21 giant frogs
  A wyvern zombie (D:8)
  A wyvern skeleton (D:13)
  4 scorpions
  28 killer bees
  A spriggan zombie (Swamp:3)
  A wight (D:10)
  3 troll zombies (Swamp:3)
  5 electric eels
  7 crimson imps
  8 jellies
  A giant frog zombie (D:10)
  25 hounds
  A human zombie (D:4)
  2 quasits
  Crazy Yiuf (D:2)
  A giant frog skeleton (D:7)
  26 orc priests
  Ijyb (D:3)
  Jessica (D:2)
  4 centaur skeletons
  12 iguanas
  Natasha (thrice) (D:2)
  35 orc wizards
  25 sheep
  9 worker ants
  A hound skeleton (D:7)
  Robin (D:1)
  8 gnolls
  93 river rats
  14 adders
  4 shadow imps
  19 worms
  An adder skeleton (D:9)
  5 giant geckos
  191 orcs
  3 ball pythons
  15 goblins
  10 hobgoblins
  18 jackals
  9 bats
  A giant cockroach (D:3)
  2 giant gecko skeletons (D:4)
  6 giant newts
  21 kobolds
  2 quokkas
  4 rats
  A fungus (Lair:7)
  A plant (Swamp:3)
1273 creatures vanquished.

Vanquished Creatures (collateral kills)
  Donald (Orc:3)
  Maud (D:10)
  An orc warlord (Orc:4)
  A vault guard (D:13)
  Urug (Orc:1)
  3 orc high priests (Orc:4)
  4 hill giants
  An orc knight (Orc:4)
  A manticore (D:11)
  A two-headed ogre (D:9)
  A spriggan (Swamp:2)
  A fire elemental (Orc:4)
  A vampire mosquito (Vaults:1)
  14 orc warriors
  A wasp (Swamp:2)
  3 ogres
  3 wights (D:10)
  A killer bee (D:10)
  2 orc priests (Orc:4)
  2 orc wizards
  13 orcs (Orc:4)
57 creatures vanquished.

Vanquished Creatures (others)
  3 dancing weapons
  A wyvern (D:8)
  2 humans (Swamp:1)
  A river rat (Lair:1)
  19 fungi
  29 plants
55 creatures vanquished.

Grand Total: 1385 creatures vanquished

Notes
Turn   | Place    | Note
--------------------------------------------------------------
     0 | D:1      | Botennoom the Deep Elf Enchanter began the quest for the Orb.
     0 | D:1      | Reached XP level 1. HP: 10/10 MP: 6/6
   184 | D:1      | Reached XP level 2. HP: 15/15 MP: 8/8
   188 | D:1      | Learned a level 2 spell: Ensorcelled Hibernation
   630 | D:2      | Noticed Natasha
   927 | D:2      | Reached XP level 3. HP: 17/19 MP: 9/9
   982 | D:2      | Noticed Robin
   997 | D:1      | Learned a level 3 spell: Confuse
  1116 | D:2      | Reached skill level 5 in Hexes
  1290 | D:1      | Killed Robin
  1290 | D:1      | Reached XP level 4. HP: 24/24 MP: 10/10
  1351 | D:2      | Noticed Jessica
  1395 | D:2      | Killed Jessica
  1558 | D:2      | Learned a level 3 spell: Dazzling Spray
  2069 | D:2      | Killed Natasha
  2069 | D:2      | Reached XP level 5. HP: 28/28 MP: 11/11
  2082 | D:2      | Noticed Natasha
  2092 | D:2      | Killed Natasha
  2413 | D:2      | Noticed Crazy Yiuf
  2417 | D:2      | Killed Crazy Yiuf
  2417 | D:2      | Reached skill level 5 in Stealth
  2497 | D:2      | Noticed Natasha
  2506 | D:2      | Killed Natasha
  2802 | D:3      | Noticed Ijyb
  2818 | D:3      | Killed Ijyb
  3052 | D:3      | Found a radiant altar of Vehumet.
  3281 | D:3      | Noticed Ohli's ghost (amateur DsFi)
  3794 | D:4      | Reached XP level 6. HP: 13/32 MP: 12/12
  4092 | D:4      | Reached skill level 6 in Hexes
  4151 | D:4      | Noticed P0WERM0DE's ghost (amateur HuWr)
  4451 | D:4      | Found a stormy altar of Qazlal.
  4471 | D:4      | Found a runed door.
  4471 | D:4      | Noticed a human
  4477 | D:4      | Found a basalt altar of Yredelemnul.
  4500 | D:4      | Killed a human
  4500 | D:4      | Reached XP level 7. HP: 36/36 MP: 13/13
  4691 | D:5      | Entered Level 5 of the Dungeon
  4862 | D:5      | Reached skill level 5 in Dodging
  4986 | D:5      | Reached skill level 7 in Hexes
  5260 | D:5      | Found Kutt's Antique Armour Shop.
  5535 | D:6      | Got a scorched amber ring
  5580 | D:6      | Identified the ring "Noczyanu" {MR+ Int+2} (You found it on level 6 of the Dungeon)
  5600 | D:6      | Found Iplonidde's Jewellery Emporium.
  5981 | D:6      | Reached XP level 8. HP: 37/41 MP: 11/14
  6154 | D:6      | Reached skill level 5 in Short Blades
  6713 | D:7      | Found a staircase to the Ecumenical Temple.
  6723 | D:7      | Reached skill level 8 in Hexes
  7148 | D:7      | Found a shimmering altar of Xom.
  7297 | D:7      | Got a distressingly furry helmet
  7298 | D:7      | Identified the +0 helmet "Verhesk" {rN+ Regen+} (You found it on level 7 of the Dungeon)
  7569 | Temple   | Entered the Ecumenical Temple
  7767 | Temple   | Became a worshipper of Sif Muna the Loreminder
  7951 | D:7      | Found a sparkling altar of Nemelex Xobeh.
  7955 | D:7      | Found an opulent altar of Gozag.
  7955 | D:7      | Found a burning altar of Makhleb.
  7966 | D:7      | Found a glowing golden altar of the Shining One.
  7970 | D:7      | Found a blossoming altar of Fedhas.
  8082 | D:8      | Reached XP level 9. HP: 35/45 MP: 12/15
  8210 | D:8      | Reached skill level 9 in Hexes
  9040 | D:9      | Reached skill level 10 in Hexes
  9221 | D:9      | Noticed Mercurio's ghost (novice DrWr)
  9419 | D:9      | Found a staircase to the Lair.
  9419 | D:9      | Noticed an elephant
  9453 | D:9      | Reached * piety under Sif Muna
  9453 | D:9      | Reached skill level 1 in Conjurations
  9477 | D:9      | Killed an elephant
  9477 | D:9      | Reached skill level 10 in Stealth
  9477 | D:9      | Reached XP level 10. HP: 21/50 MP: 3/16
  9762 | D:8      | Learned a level 3 spell: Tukima's Dance
  9830 | D:9      | Found a shadowy altar of Dithmenos.
 10198 | D:10     | Entered Level 10 of the Dungeon
 10312 | D:10     | Noticed Maud
 10318 | D:10     | Killed Maud
 10318 | D:10     | Reached skill level 11 in Hexes
 10377 | D:10     | Reached ** piety under Sif Muna
 11043 | D:11     | Noticed a hill giant
 11044 | D:11     | Noticed a manticore
 11063 | D:11     | Killed a hill giant
 11091 | D:11     | Noticed an orc knight
 11105 | D:11     | Killed an orc knight
 11152 | D:11     | Noticed a hill giant
 11262 | Lair:1   | Entered Level 1 of the Lair of Beasts
 11280 | Lair:1   | Reached XP level 11. HP: 44/54 MP: 10/17
 11549 | Lair:1   | Noticed a black mamba
 11555 | Lair:1   | Killed a black mamba
 11555 | Lair:1   | Reached skill level 10 in Dodging
 11555 | Lair:1   | Reached skill level 5 in Conjurations
 11846 | Lair:1   | Reached skill level 12 in Hexes
 11911 | Lair:1   | Noticed an oklob plant
 12069 | Lair:1   | Reached *** piety under Sif Muna
 12683 | Lair:2   | Noticed Fannar
 12698 | Lair:2   | Noticed a six-headed hydra
 12699 | Lair:2   | Killed Fannar
 12711 | Lair:2   | Killed a six-headed hydra
 13042 | Lair:2   | You fall through a shaft for 2 floors!
 13046 | Lair:4   | Identified a scroll of acquirement
 13085 | Lair:4   | Found a labyrinth entrance.
 13096 | Lab      | Entered a labyrinth
 13256 | Lab      | Noticed a minotaur
 13272 | Lab      | Killed a minotaur
 13301 | Lab      | Gained mutation: Your mind is acute. (Int +2) [potion of mutation]
 13301 | Lab      | Gained mutation: You tend to lose your temper in combat. [potion of mutation]
 13301 | Lab      | Gained mutation: Scrolls take you a little longer to read. [potion of mutation]
 13383 | Lair:3   | Reached skill level 1 in Shields
 13383 | Lair:3   | Reached XP level 12. HP: 59/59 MP: 17/21
 13393 | Lair:3   | Reached skill level 10 in Short Blades
 13664 | Lair:4   | Noticed a six-headed hydra
 13783 | Lair:3   | Noticed a four-headed hydra
 13860 | Lair:3   | Killed a four-headed hydra
 14897 | Lair:2   | You fall through a shaft for 2 floors!
 14970 | Lair:4   | Reached skill level 5 in Shields
 15967 | Lair:4   | Found a staircase to the Swamp.
 16970 | Lair:4   | Reached XP level 13. HP: 41/63 MP: 9/22
 17061 | Lair:5   | Reached skill level 5 in Spellcasting
 17231 | Lair:5   | Reached **** piety under Sif Muna
 18302 | Lair:6   | Found a staircase to the Snake Pit.
 18499 | Lair:6   | Found a runed door.
 19395 | Lair:6   | Found a viscous altar of Jiyva.
 19395 | Lair:6   | Found a staircase to the Slime Pits.
 19783 | Lair:7   | Reached ***** piety under Sif Muna
 20681 | Lair:8   | Entered Level 8 of the Lair of Beasts
 20997 | Lair:7   | Reached skill level 13 in Dodging
 21350 | Lair:7   | Learned a level 6 spell: Bolt of Cold
 21374 | Lair:7   | Reached skill level 10 in Conjurations
 21853 | D:10     | Found Ysinavy's Food Shoppe.
 22141 | D:11     | Killed a hill giant
 22141 | D:11     | Reached XP level 14. HP: 68/68 MP: 25/29
 22143 | D:11     | Killed a manticore
 22237 | D:11     | Learned a level 4 spell: Cause Fear
 22282 | D:11     | Reached skill level 10 in Spellcasting
 22538 | D:11     | Noticed a hill giant
 22550 | D:11     | Killed a hill giant
 22618 | D:11     | Found a portal to a secret trove of treasure.
 22688 | D:11     | Found a deep blue altar of Sif Muna.
 22772 | D:11     | Identified the Grimoire of the Compass
 23177 | D:12     | Noticed Psyche
 23190 | D:12     | Killed Psyche
 23242 | D:12     | Found a stormy altar of Qazlal.
 23277 | D:12     | Found a staircase to the Orcish Mines.
 23303 | D:12     | Noticed Maurice
 23308 | D:12     | Killed Maurice
 23609 | D:12     | Reached ****** piety under Sif Muna
 23609 | D:12     | Received a gift from Sif Muna
 23610 | D:12     | Identified Sif Muna's Reference Book on Gliding Attacks (Sif Muna gifted it to you on level 12 of the Dungeon)
 23619 | D:12     | Learned a level 7 spell: Orb of Destruction
 24036 | D:6      | Bought the ring "Noess" {MR++ Int+7 Dex+3 SInv} for 771 gold pieces
 24319 | Orc:1    | Entered Level 1 of the Orcish Mines
 24518 | Orc:1    | You fall through a shaft!
 24949 | Orc:1    | Found a roughly hewn altar of Beogh.
 25139 | Orc:1    | Found Kaop Sanamo's Jewellery Emporium.
 25139 | Orc:1    | Noticed Urug
 25290 | Orc:1    | Killed Urug
 25640 | Orc:3    | Found a staircase to the Elven Halls.
 26146 | Orc:3    | Reached skill level 14 in Dodging
 26586 | Orc:4    | Entered Level 4 of the Orcish Mines
 26685 | Orc:4    | Found Lere Leiw's Armour Boutique.
 26698 | Orc:4    | Noticed Donald
 26751 | Orc:3    | Killed Donald
 27016 | Orc:4    | Noticed Azrael
 27023 | Orc:4    | Killed Azrael
 27497 | Orc:4    | Noticed an orc warlord
 27568 | Orc:4    | Killed an orc warlord
 27928 | Orc:4    | Noticed an orc warlord
 28449 | Orc:4    | Noticed an orc warlord
 28462 | Orc:4    | Killed an orc warlord
 28691 | Orc:4    | Killed an orc warlord
 28691 | Orc:4    | Reached skill level 1 in Fighting
 28842 | Orc:4    | Reached XP level 15. HP: 62/74 MP: 21/33
 28915 | Orc:4    | Found Niqoirin's Antique Armour Shoppe.
 28916 | Orc:4    | Found Weosaode's Antique Weapon Shoppe.
 28918 | Orc:4    | Found Kibun's General Store.
 28918 | Orc:4    | Found Roxzyohe's Book Emporium.
 28969 | Orc:4    | Bought a pair of embroidered gloves for 130 gold pieces
 28990 | Orc:4    | Bought a potion of curing for 39 gold pieces
 28990 | Orc:4    | Bought a scroll of enchant armour for 97 gold pieces
 28991 | Orc:4    | Bought a book of Dreams for 975 gold pieces
 28998 | Orc:4    | Learned a level 6 spell: Invisibility
 29099 | Orc:4    | Identified Ginaly's Disquisition on Weightlessness
 29577 | Lair:7   | Received a gift from Sif Muna
 29598 | Lair:7   | Identified Sif Muna's Compendium of Floating Confrontation (Sif Muna gifted it to you on level 7 of the Lair of Beasts)
 29958 | Lair:8   | Got a scorched lead ring
 29961 | Lair:8   | Identified the ring of Demin {*Confuse +Fly rC+ MR+} (You found it on level 8 of the Lair of Beasts)
 30005 | Lair:8   | Found a shimmering altar of Xom.
 30170 | Lair:8   | Reached skill level 15 in Dodging
 30203 | Lair:8   | Noticed Josephine
 30220 | Lair:8   | Killed Josephine
 30629 | Lair:8   | Learned a level 6 spell: Darkness
 31365 | Lair:8   | Noticed Nessos
 31411 | Lair:8   | Killed Nessos
 31719 | Lair:8   | Found a runed door.
 33391 | D:13     | Got a jasper-encrusted ring mail
 33394 | D:13     | Identified the +1 ring mail "Tuenwaobb" {rElec rC+ Dex+4} (You found it on level 13 of the Dungeon)
 33451 | D:13     | Found a gate to the Vaults.
 34216 | Swamp:1  | Entered Level 1 of the Swamp
 34571 | Swamp:1  | Noticed Kirke
 34704 | Swamp:1  | Killed Kirke
 34704 | Swamp:1  | Reached skill level 5 in Fighting
 34704 | Swamp:1  | Reached skill level 1 in Armour
 35406 | Swamp:1  | Reached XP level 16. HP: 41/88 MP: 33/36
 35676 | Swamp:1  | Received a gift from Sif Muna
 35832 | Swamp:2  | Lost mutation: Scrolls take you a little longer to read. [potion of cure mutation]
 35832 | Swamp:2  | Lost mutation: You tend to lose your temper in combat. [potion of cure mutation]
 35832 | Swamp:2  | Lost mutation: Your mind is acute. (Int +2) [potion of cure mutation]
 38171 | Swamp:4  | Entered Level 4 of the Swamp
 38878 | Swamp:4  | Reached skill level 15 in Conjurations
 39412 | Swamp:4  | Got a decaying rune of Zot
 40372 | Vaults:1 | Entered Level 1 of the Vaults
 40608 | Vaults:1 | Received a gift from Sif Muna
 40608 | Vaults:1 | Reached XP level 17. HP: 94/100 MP: 35/37
 40626 | Vaults:1 | Identified Fiph's Guide on Confrontation and Fire (Sif Muna gifted it to you on level 1 of the Vaults)
 40688 | Vaults:1 | Noticed Mandevil's ghost (adept TeAE)
 40785 | Vaults:1 | Killed Mandevil's ghost
 40785 | Vaults:1 | Reached skill level 16 in Conjurations
 40980 | Vaults:1 | Annihilated by a vault warden

Action                   |  1- 3 |  4- 6 |  7- 9 | 10-12 | 13-15 | 16-18 || total
-------------------------+-------+-------+-------+-------+-------+-------++-------
Melee: Dagger            |    62 |   175 |   291 |   444 |       |       ||   972
       Quick blade       |       |       |       |   392 |  2468 |   732 ||  3592
 Cast: Ensorcelled Hiber |    22 |    26 |    35 |    99 |    75 |    10 ||   267
       Confuse           |     2 |    11 |    30 |    34 |    87 |    24 ||   188
       Dazzling Spray    |       |     1 |     3 |    41 |   151 |    10 ||   206
       Tukima's Dance    |       |       |       |    12 |    52 |     9 ||    73
       Corona            |       |       |       |     1 |       |       ||     1
       Orb of Destructio |       |       |       |       |    11 |    22 ||    33
       Bolt of Cold      |       |       |       |       |    15 |    28 ||    43
       Darkness          |       |       |       |       |     2 |       ||     2
       Invisibility      |       |       |       |       |       |    10 ||    10
Invok: Channel Energy    |       |       |       |     4 |       |     1 ||     5
 Abil: Evoke Flight      |       |       |       |       |     1 |       ||     1
Evoke: Wand              |       |       |       |     1 |       |       ||     1
  Use: Potion            |       |     2 |       |    12 |     8 |     3 ||    25
       Scroll            |       |     1 |     8 |    17 |    13 |     4 ||    43
 Stab: Sleeping          |    21 |    27 |    40 |    84 |    91 |    37 ||   300
       Confused          |       |     3 |    17 |    14 |    71 |    12 ||   117
       Invisible         |       |       |     3 |    20 |    44 |    45 ||   112
       Distracted        |       |       |       |     4 |    19 |     5 ||    28
       Paralysed         |       |       |       |       |       |     1 ||     1
  Eat: Chunk             |     2 |     8 |    18 |    21 |    42 |    13 ||   104
       Bread ration      |       |     1 |       |     2 |     4 |       ||     7
       Royal jelly       |       |       |       |     1 |       |       ||     1
       Beef jerky        |       |       |       |       |     2 |    10 ||    12
